[ AOE2 MATCH · #491667517 ]
UnrankedChinese vs Portuguese
Player's team · WIN
[ REPLAY ANALYSIS · EXTRACTED FROM THE RECORDED GAME ]
Feudal
8:49
Castle
19:30
Imperial
—
| APM avg | 121.7 |
| APM peak | 188 |
| eAPM avg | 68.7 |
| Villagers / military | 54 / 36 |
Focus
⚔️ 73.4% · 🌾 26.6%
Archer ×13 · Skirmisher ×12 · Scout Cavalry ×6 · Iron Pagoda ×5
Feudal
10:43
Castle
21:53
Imperial
—
| APM avg | 74.1 |
| APM peak | 151 |
| eAPM avg | 33.8 |
| Villagers / military | 45 / 38 |
Focus
⚔️ 56.5% · 🌾 43.5%
Skirmisher ×17 · Archer ×13 · Fishing Ship ×5 · Militia ×4 · Mangonel ×2 · Knight ×1
Match map
Initial resources + every placement click. Lines = walls · curves = elevation contours. ◆ gold · ⬟ stone · ● berries · ✦ relic · ◌ wall gap
Your base· Open — unwalled flank
AiM | Whocl's base· ✓ Closed at 21:53 · 41t walls · 1 gate(s)
Smoothed initial terrain · ◌ = detected wall gap · hover for details
Inputs per minute
— VIT | Hera - - AiM | Whocl
Build order — VIT | Hera
First 150 of 171 actions detected
| 0:00 | Research | Loom |
| 0:44 | Create | Villager (Male) |
| 1:11 | Create | Villager (Male) |
| 1:35 | Create | Villager (Male) |
| 1:35 | Create | Villager (Male) |
| 1:58 | Create | Villager (Male) |
| 2:24 | Create | Villager (Male) |
| 2:33 | Build | Lumber Camp |
| 2:44 | Create | Villager (Male) |
| 3:04 | Create | Villager (Male) |
| 3:05 | Create | Villager (Male) |
| 3:26 | Build | House |
| 3:31 | Create | Villager (Male) |
| 4:01 | Build | House |
| 4:07 | Create | Villager (Male) |
| 4:08 | Create | Villager (Male) |
| 4:08 | Create | Villager (Male) |
| 5:04 | Build | Mill |
| 5:23 | Create | Villager (Male) |
| 5:46 | Create | Villager (Male) |
| 6:12 | Create | Villager (Male) |
| 6:39 | Research | Feudal Age |
| 6:59 | Build | Lumber Camp |
| 7:55 | Build | Barracks |
| 7:58 | Build | Barracks |
| 8:16 | Build | House |
| 8:19 | Create | Villager (Male) |
| 8:47 | Create | Villager (Male) |
| 8:49 | Age | Feudal Age |
| 8:53 | Build | Stable |
| 8:57 | Build | Farm |
| 9:01 | Research | Double-Bit Axe |
| 9:24 | Build | House |
| 9:31 | Build | Mill |
| 9:35 | Create | Villager (Male) |
| 9:35 | Create | Scout Cavalry |
| 9:37 | Build | Farm |
| 9:47 | Build | Farm |
| 9:57 | Create | Villager (Male) |
| 10:03 | Build | Farm |
| 10:10 | Create | Scout Cavalry |
| 10:10 | Create | Scout Cavalry |
| 10:16 | Build | Farm |
| 10:25 | Build | Farm |
| 10:27 | Create | Villager (Male) |
| 10:28 | Create | Villager (Male) |
| 10:38 | Build | House |
| 10:39 | Build | House |
| 10:54 | Create | Villager (Male) |
| 10:55 | Build | Farm |
| 11:21 | Create | Villager (Male) |
| 11:22 | Create | Scout Cavalry |
| 11:23 | Build | Farm |
| 11:42 | Build | Farm |
| 11:42 | Create | Villager (Male) |
| 11:43 | Create | Scout Cavalry |
| 11:46 | Build | House |
| 12:10 | Create | Villager (Male) |
| 12:17 | Build | Farm |
| 12:27 | Create | Villager (Male) |
| 12:39 | Create | Villager (Male) |
| 12:47 | Build | Archery Range |
| 12:48 | Create | Scout Cavalry |
| 12:59 | Build | House |
| 13:06 | Build | Farm |
| 13:20 | Create | Villager (Male) |
| 13:33 | Build | Farm |
| 13:47 | Create | Villager (Male) |
| 13:48 | Create | Archer |
| 13:54 | Build | Mining Camp |
| 14:08 | Create | Villager (Male) |
| 14:18 | Create | Villager (Male) |
| 14:35 | Build | Blacksmith |
| 14:42 | Create | Villager (Male) |
| 15:00 | Create | Villager (Male) |
| 15:01 | Create | Archer |
| 15:05 | Build | Archery Range |
| 15:21 | Create | Villager (Male) |
| 15:32 | Create | Villager (Male) |
| 15:41 | Create | Villager (Male) |
| 15:44 | Create | Archer |
| 15:53 | Build | House |
| 15:56 | Build | Palisade Wall |
| 15:58 | Create | Archer |
| 16:00 | Create | Villager (Male) |
| 16:04 | Build | Palisade Wall |
| 16:06 | Build | Palisade Wall |
| 16:13 | Build | Palisade Wall |
| 16:15 | Build | Palisade Wall |
| 16:20 | Build | Mining Camp |
| 16:23 | Create | Skirmisher |
| 16:23 | Create | Skirmisher |
| 16:28 | Research | Gold Mining |
| 16:44 | Create | Villager (Male) |
| 16:50 | Research | Castle Age |
| 16:50 | Research | Castle Age |
| 16:53 | Build | Farm |
| 17:11 | Research | Fletching |
| 17:11 | Research | Fletching |
| 17:29 | Research | Padded Archer Armor |
| 17:29 | Research | Padded Archer Armor |
| 17:32 | Research | Horse Collar |
| 17:48 | Build | Blacksmith |
| 17:54 | Create | Villager (Male) |
| 17:55 | Create | Skirmisher |
| 17:56 | Create | Skirmisher |
| 18:25 | Create | Villager (Male) |
| 18:41 | Build | House |
| 19:14 | Create | Villager (Male) |
| 19:15 | Build | Farm |
| 19:19 | Build | Palisade Wall |
| 19:24 | Create | Villager (Male) |
| 19:30 | Age | Castle Age |
| 19:32 | Research | Crossbowman (upgrade) |
| 19:32 | Research | Elite Skirmisher (upgrade) |
| 19:33 | Research | Bodkin Arrow |
| 19:33 | Research | Bodkin Arrow |
| 19:35 | Build | Siege Workshop |
| 19:44 | Research | Bow Saw |
| 19:57 | Create | Villager (Male) |
| 20:07 | Build | Farm |
| 20:14 | Create | Villager (Male) |
| 20:17 | Create | Archer |
| 20:17 | Create | Archer |
| 20:34 | Create | Iron Pagoda |
| 20:37 | Create | Villager (Male) |
| 20:37 | Create | Villager (Male) |
| 20:54 | Create | Archer |
| 20:54 | Create | Archer |
| 21:07 | Create | Villager (Male) |
| 21:10 | Research | Padded Archer Armor |
| 21:13 | Build | Farm |
| 21:15 | Create | Archer |
| 21:15 | Create | Archer |
| 21:17 | Create | Iron Pagoda |
| 21:25 | Build | House |
| 21:27 | Build | House |
| 21:49 | Research | Wheelbarrow |
| 21:49 | Build | Farm |
| 22:02 | Create | Iron Pagoda |
| 22:02 | Create | Archer |
| 22:12 | Build | Farm |
| 22:31 | Create | Villager (Male) |
| 22:32 | Create | Archer |
| 22:33 | Create | Archer |
| 22:49 | Create | Villager (Male) |
| 22:53 | Build | House |
| 22:57 | Create | Iron Pagoda |
| 23:00 | Build | Farm |
| 23:00 | Build | Farm |
Build order — AiM | Whocl
First 150 of 170 actions detected
| 0:01 | Create | Villager (Male) |
| 0:02 | Build | House |
| 0:03 | Build | House |
| 0:04 | Create | Villager (Male) |
| 0:06 | Create | Villager (Male) ×2 |
| 1:31 | Create | Villager (Male) |
| 1:59 | Create | Villager (Male) |
| 2:01 | Build | Lumber Camp |
| 2:15 | Create | Villager (Male) |
| 2:47 | Create | Villager (Male) |
| 3:05 | Create | Villager (Male) |
| 3:38 | Create | Villager (Male) |
| 4:07 | Create | Villager (Male) |
| 4:21 | Build | House |
| 4:34 | Create | Villager (Male) |
| 4:50 | Build | Barracks |
| 5:06 | Create | Villager (Male) |
| 5:29 | Build | House |
| 5:32 | Create | Villager (Male) |
| 5:42 | Create | Militia |
| 6:02 | Create | Villager (Male) |
| 6:08 | Create | Militia |
| 6:13 | Build | House |
| 6:22 | Create | Villager (Male) |
| 6:24 | Build | Mill |
| 6:40 | Build | Palisade Wall |
| 6:47 | Create | Villager (Male) |
| 7:13 | Create | Villager (Male) |
| 7:42 | Create | Villager (Male) |
| 8:06 | Research | Loom |
| 8:09 | Build | Mill |
| 8:16 | Build | Palisade Wall |
| 8:33 | Research | Feudal Age |
| 8:59 | Build | Mining Camp |
| 9:31 | Create | Militia |
| 9:55 | Create | Militia |
| 10:14 | Build | House |
| 10:43 | Age | Feudal Age |
| 10:46 | Research | Man-at-Arms (upgrade) |
| 10:47 | Create | Villager (Male) |
| 10:58 | Build | Archery Range |
| 11:01 | Build | House |
| 11:01 | Build | Palisade Wall |
| 11:03 | Build | House |
| 11:14 | Create | Villager (Male) |
| 11:15 | Create | Spearman |
| 11:24 | Build | Farm |
| 11:25 | Build | Farm |
| 11:26 | Research | Double-Bit Axe |
| 11:38 | Build | Palisade Wall |
| 11:41 | Create | Villager (Male) |
| 11:52 | Build | Farm |
| 12:10 | Build | Farm |
| 12:11 | Create | Archer |
| 12:18 | Create | Archer |
| 12:20 | Create | Villager (Male) |
| 12:33 | Create | Archer |
| 12:36 | Build | Farm |
| 12:45 | Build | Palisade Gate |
| 12:47 | Build | House |
| 12:51 | Build | Palisade Wall |
| 12:55 | Build | Palisade Wall |
| 12:56 | Build | Palisade Wall |
| 12:59 | Create | Villager (Male) |
| 13:22 | Create | Villager (Male) |
| 13:23 | Build | Palisade Wall |
| 13:29 | Build | Farm |
| 13:39 | Create | Villager (Male) |
| 13:43 | Build | Dock |
| 13:49 | Build | Palisade Wall |
| 13:57 | Build | Farm |
| 13:59 | Create | Archer |
| 14:07 | Create | Villager (Male) |
| 14:09 | Build | Farm |
| 14:22 | Create | Fishing Ship |
| 14:36 | Create | Villager (Male) |
| 14:38 | Create | Archer |
| 14:50 | Build | Farm |
| 15:00 | Create | Fishing Ship |
| 15:02 | Create | Villager (Male) |
| 15:07 | Build | House |
| 15:22 | Create | Archer |
| 15:27 | Build | Blacksmith |
| 15:33 | Create | Villager (Male) |
| 15:43 | Create | Fishing Ship |
| 15:48 | Create | Archer |
| 15:51 | Create | Villager (Male) |
| 15:54 | Build | Farm |
| 16:04 | Build | Fish Trap |
| 16:08 | Build | Palisade Wall |
| 16:09 | Build | Palisade Wall |
| 16:09 | Build | Palisade Wall |
| 16:10 | Build | Palisade Wall |
| 16:14 | Create | Villager (Male) |
| 16:16 | Research | Fletching |
| 16:23 | Build | House |
| 16:24 | Build | House |
| 16:25 | Build | House |
| 16:30 | Create | Archer |
| 16:31 | Create | Villager (Male) |
| 16:42 | Create | Fishing Ship |
| 17:03 | Create | Archer |
| 17:15 | Create | Villager (Male) |
| 17:33 | Create | Archer |
| 17:35 | Build | Market |
| 17:41 | Create | Villager (Male) |
| 18:00 | Create | Archer |
| 18:00 | Create | Villager (Male) |
| 18:09 | Create | Fishing Ship |
| 18:24 | Create | Villager (Male) |
| 18:53 | Create | Villager (Male) |
| 19:13 | Research | Castle Age |
| 19:15 | Build | Lumber Camp |
| 19:20 | Build | Archery Range |
| 19:22 | Create | Archer |
| 19:25 | Build | House |
| 19:26 | Build | House |
| 19:28 | Build | House |
| 19:29 | Build | House |
| 19:29 | Build | House |
| 19:32 | Create | Archer |
| 19:35 | Research | Gold Mining |
| 19:36 | Research | Horse Collar |
| 19:50 | Create | Skirmisher |
| 19:55 | Build | House |
| 20:00 | Build | House |
| 20:01 | Build | House |
| 20:02 | Build | House |
| 20:07 | Create | Skirmisher |
| 20:08 | Create | Skirmisher |
| 20:09 | Build | Farm |
| 20:25 | Create | Skirmisher |
| 20:26 | Create | Skirmisher |
| 20:39 | Create | Skirmisher |
| 21:00 | Build | Lumber Camp |
| 21:09 | Create | Skirmisher |
| 21:10 | Create | Skirmisher |
| 21:20 | Build | Fish Trap |
| 21:53 | Age | Castle Age |
| 21:54 | Create | Villager (Male) |
| 21:55 | Research | Bodkin Arrow |
| 21:56 | Research | Elite Skirmisher (upgrade) |
| 22:03 | Build | Farm |
| 22:10 | Build | Fish Trap |
| 22:14 | Build | Fish Trap |
| 22:15 | Research | Padded Archer Armor |
| 22:18 | Create | Villager (Male) |
| 22:19 | Build | Farm |
| 22:35 | Build | Stable |
| 22:39 | Create | Skirmisher |
Match timeline
| 4:50 | AiM | Whocl · first_building Barracks |
| 6:40 | AiM | Whocl · wall_segment Palisade Wall x6 |
| 7:55 | VIT | Hera · first_building Barracks |
| 8:16 | AiM | Whocl · wall_segment Palisade Wall x10 |
| 8:49 | VIT | Hera · age_up feudal |
| 8:53 | VIT | Hera · first_building Stable |
| 10:43 | AiM | Whocl · age_up feudal |
| 10:58 | AiM | Whocl · first_building Archery Range |
| 11:01 | AiM | Whocl · wall_segment Palisade Wall x4 |
| 11:38 | AiM | Whocl · wall_segment Palisade Wall x6 |
| 12:47 | VIT | Hera · first_building Archery Range |
| 12:51 | AiM | Whocl · wall_segment Palisade Wall x12 |
| 12:55 | AiM | Whocl · wall_segment Palisade Wall x5 |
| 12:56 | AiM | Whocl · wall_segment Palisade Wall x5 |
| 13:23 | AiM | Whocl · wall_segment Palisade Wall x1 |
| 13:43 | AiM | Whocl · first_building Dock |
| 13:49 | AiM | Whocl · wall_segment Palisade Wall x1 |
| 15:56 | VIT | Hera · wall_segment Palisade Wall x10 |
| 16:04 | VIT | Hera · wall_segment Palisade Wall x5 |
| 16:06 | VIT | Hera · wall_segment Palisade Wall x8 |
| 16:08 | AiM | Whocl · wall_segment Palisade Wall x1 |
| 16:09 | AiM | Whocl · wall_segment Palisade Wall x1 |
| 16:09 | AiM | Whocl · wall_segment Palisade Wall x1 |
| 16:10 | AiM | Whocl · wall_segment Palisade Wall x1 |
| 16:13 | VIT | Hera · wall_segment Palisade Wall x1 |
| 16:15 | VIT | Hera · wall_segment Palisade Wall x1 |
| 19:09 | AiM | Whocl · first_market_sell 100 wood |
| 19:09 | AiM | Whocl · first_market_buy 100 food |
| 19:19 | VIT | Hera · wall_segment Palisade Wall x4 |
| 19:30 | VIT | Hera · age_up castle |
| 19:35 | VIT | Hera · first_building Siege Workshop |
| 21:53 | AiM | Whocl · age_up castle |
| 22:35 | AiM | Whocl · first_building Stable |
| 23:07 | AiM | Whocl · first_building Siege Workshop |
| 23:11 | VIT | Hera · wall_segment Palisade Wall x1 |
| 25:08 | AiM | Whocl · resign |
[ AI ANALYSIS · 1 CREDIT ]
What really happened in this match?
Wolo.gg analyzes every decision: build order, eco, micro, common mistakes by bracket. Personalized analysis on WhatsApp or Discord in 30 seconds.
Civ guide
Chinese
Perfil
Hera